 Dungeon Crawl Stone Soup version 0.31-a0-232-gb1c03b2570 (webtiles) character file.

Game seed: 4584912223621889166

16104 reriks the Blocker (level 12, -2/79 HPs)
             Began as a Gargoyle Fighter on July 7, 2023.
             Was a High Priest of Zin.
             Slain by a seven-headed hydra (10 damage)
             ... on level 2 of the Lair of Beasts.
             The game lasted 00:26:21 (12747 turns).

reriks the Blocker (Gargoyle Fighter)              Turns: 12747, Time: 00:26:21

Health: -2/79      AC: 27    Str: 26    XL:     12   Next: 34%
Magic:  15/18      EV:  7    Int: 10    God:    Zin [*****.]
Gold:   935        SH:  6    Dex: 13    Spells: 11/11 levels left

rFire   . . .        L - +4 rapier (flame)
rCold   . . .        c - +0 buckler
rNeg    + . .        D - +0 plate armour
rPois   ∞            i - +0 helmet
rElec   +            v - +1 cloak
rCorr   .            (no gloves)
SInv    .            (no boots)
Will    .....        (no amulet) Stlth
                     n - +6 ring of strength
HPRegen 0.33/turn    o - +4 ring of slaying
MPRegen 0.16/turn

%: no passive effects
@: no status effects
A: sickness immunity, AC +8, negative energy resistance 1, electricity
resistance, torment resistance 1, petrification resistance
a: Renounce Religion, Recite, Vitalisation, Imprison, Sanctuary, Donate Gold


You were on level 2 of the Lair of Beasts.
You worshipped Zin.
Zin was extremely pleased with you.
You visited 3 branches of the dungeon, and saw 13 of its levels.
You also visited: Volcano.

You collected 1038 gold pieces.
You donated 103 gold pieces to Zin.

Inventory:

Hand Weapons
 a - a +1 war axe
 L - a +4 rapier of flaming (weapon)
Missiles
 t - 3 boomerangs (quivered)
 w - a throwing net
Armour
 b - a +0 scale mail
 c - a +0 buckler (worn)
 i - a +0 helmet (worn)
 v - a +1 cloak (worn)
 D - a +0 plate armour (worn)
 F - a +0 pair of boots
Jewellery
 j - a ring of protection from cold
 m - a ring of wizardry
 n - a +6 ring of strength (left hand)
 o - a +4 ring of slaying (right hand)
 y - a ring of wizardry
 G - a ring of willpower
 H - an amulet of faith
 J - a ring of protection from cold
 O - a ring of magical power
Wands
 d - a wand of flame (21)
 s - a wand of paralysis (23)
 C - a wand of digging (8)
 Q - a wand of acid (5)
Scrolls
 g - 4 scrolls of vulnerability
 h - 2 scrolls of revelation
 q - a scroll of torment
 u - 2 scrolls of fog
 x - 2 scrolls of poison
 z - a scroll of amnesia
 A - 2 scrolls of teleportation
 I - 2 scrolls of fear
 N - 2 scrolls of identify
 P - a scroll of summoning {unknown}
Potions
 e - a potion of cancellation
 f - a potion of lignification
 k - 2 potions of attraction
 l - 3 potions of magic {unknown}
 p - a potion of brilliance
 B - 2 potions of haste {unknown}
 E - 3 potions of enlightenment
 K - a potion of heal wounds {unknown}
 M - a potion of mutation {unknown}


   Skills:
 + Level 10.6 Fighting
 + Level 8.6 Axes
 + Level 10.6 Armour
 + Level 10.6 Shields
 + Level 8.6 Invocations


You had 11 spell levels left.
You didn't know any spells.
Your spell library contained the following spells:

 Spells                   Type           Power      Damage    Failure   Level
 Foxfire                  Conj/Fire      0%         2x1d4     98%         1
 Kiss of Death            Conj/Necr      0%         2d5       98%         1
 Poisonous Vapours        Pois/Air       0%         N/A       99%         2
 Confusing Touch          Hex            0%         N/A       100%        3
 Gell's Gravitas          Tloc           0%         N/A       100%        3
 Hailstorm                Conj/Ice       0%         3d3       100%        3
 Mephitic Cloud           Conj/Pois/Air  0%         N/A       100%        3
 Summon Guardian Golem    Hex/Summ       0%         N/A       100%        3
 Teleport Other           Tloc           0%         N/A       100%        3
 Dispel Undead            Necr           0%         3d6       100%        4
 Ice Form                 Ice/Tmut       0%         N/A       100%        4
 Fireball                 Conj/Fire      0%         3d3       100%        5
 Freezing Cloud           Conj/Ice/Air   0%         6-21      100%        5
 Dispersal                Tloc           0%         N/A       100%        6
 Plasma Beam              Fire/Air       0%         2x1d10    100%        6
 Simulacrum               Ice/Necr       0%         N/A       100%        6
 Starburst                Conj/Fire      0%         6d3       100%        6
 Orb of Destruction       Conj           0%         9d5       100%        7
 Spellforged Servitor     Conj/Summ      0%         N/A       100%        7


Dungeon Overview and Level Annotations

Branches:
Dungeon (10/15)            Temple (1/1) D:4            Lair (2/5) D:10
Volcano (visited)
  Swamp: Lair:2-3    Shoals: Lair:2-3     Snake: Lair:2-3    Spider: Lair:2-3
    Orc: D:9-12

Altars:
Ashenzari
Cheibriados
Dithmenos
Elyvilon
Fedhas
Gozag
Hepliaklqana
Kikubaaqudgha
Makhleb
Nemelex Xobeh
Okawaru
Qazlal
Ru
Sif Muna
Trog
Uskayaw
Vehumet
Wu Jian
Xom
Yredelemnul
Zin
The Shining One

Shops:
D:1 !

Annotations:
D:7 exclusion: downstairs
D:9 2 transporters


Innate Abilities, Weirdness & Mutations

You are immune to sickness and miasma.
Your stone body is resilient. (AC +8)
You are immune to poison.
You resist negative energy. (rN+)
You are resistant to electric shocks. (rElec)
You are resistant to unholy torment.
You are immune to petrification.


Message History

The seven-headed hydra bites you.
The seven-headed hydra closely misses you.
You puncture the seven-headed hydra! You burn the seven-headed hydra.
The seven-headed hydra is moderately wounded.
The seven-headed hydra bites you but does no damage. x4
You block the seven-headed hydra's attack.
The seven-headed hydra bites you but does no damage.
You block the seven-headed hydra's attack.
You puncture the seven-headed hydra! You burn the seven-headed hydra.
The seven-headed hydra is heavily wounded.
The seven-headed hydra bites you but does no damage. x2
You block the seven-headed hydra's attack.
The seven-headed hydra bites you but does no damage. x3
The seven-headed hydra bites you!
You puncture the seven-headed hydra! You burn the seven-headed hydra.
The seven-headed hydra is severely wounded.
The seven-headed hydra bites you! x2
The seven-headed hydra bites you but does no damage. x3
The seven-headed hydra bites you!
The seven-headed hydra bites you but does no damage.
You puncture the seven-headed hydra! You burn the seven-headed hydra.
The seven-headed hydra is severely wounded.
The seven-headed hydra bites you but does no damage.
The seven-headed hydra barely misses you.
You block the seven-headed hydra's attack.
The seven-headed hydra bites you!
* * * LOW HITPOINT WARNING * * *
The seven-headed hydra bites you but does no damage.
The seven-headed hydra bites you.
* * * LOW HITPOINT WARNING * * *
The seven-headed hydra bites you!
* * * LOW HITPOINT WARNING * * *
The seven-headed hydra barely misses you.
The seven-headed hydra bites you but does no damage. x4
You block the seven-headed hydra's attack.
The seven-headed hydra bites you but does no damage.
You puncture the seven-headed hydra! You burn the seven-headed hydra.
The seven-headed hydra is almost dead.
The seven-headed hydra bites you!
You die...

## ..### # #.# #.# #.#
.###..## #.# ## .......#
###.# ##. .......#
##.#.### #P. .......#
##.....(#####..
........##.#.......#...'.
.)........##.......#..##.
......)D@..'......†...##.
.........###......######.
.#..#######.###.### #.
#.# ## ### #. # #. ##


You could see a seven-headed hydra.

Vanquished Creatures
  A two-headed ogre (D:9)
  A deep elf archer (Volcano)
  5 deep elf pyromancers (Volcano)
  A manticore (D:8)
  A black mamba (Lair:1)
  A cane toad (Lair:2)
  2 rime drakes (Lair:1)
  3 komodo dragons
  2 trolls (D:10)
  2 hornets
  Grinder (D:6)
  2 shadows
  2 wyverns
  6 spriggans (Lair:1)
  4 fire elementals (Volcano)
  13 yaks
  A steam dragon (D:7)
  3 acid dragons
  5 hell hounds (Volcano)
  4 water moccasins
  3 orc warriors
  5 ice beasts
  A black bear (D:6)
  2 sky beasts
  4 ogres
  3 centaurs
  9 wolves
  6 bullfrogs
  A gnoll sergeant (D:8)
  4 scorpions
  4 wights (D:8)
  11 killer bees
  2 jellies
  3 hounds (D:5)
  Crazy Yiuf (D:6)
  2 orc priests (D:5)
  A gnoll bouda (D:8)
  Terence (D:2)
  6 iguanas
  2 orc wizards
  Ijyb (D:4)
  Natasha (twice) (D:2)
  7 adders
  7 white imps
  4 ufetubi
  2 worms
  6 dart slugs
  18 orcs
  6 endoplasms
  5 giant cockroaches
  4 goblins
  9 hobgoblins
  6 jackals
  3 quokkas
  A ball python (D:1)
  10 bats
  3 frilled lizards
  4 kobolds
  9 rats
238 creatures vanquished.

Notes
Turn   | Place    | Note
-------+----------+-------------------------------------------
     0 | D:1      | reriks the Gargoyle Fighter began the quest for the Orb.
     0 | D:1      | Reached XP level 1. HP: 14/14 MP: 1/1
   162 | D:1      | Reached XP level 2. HP: 19/19 MP: 2/2
   341 | D:1      | Found Beduph's Distillery.
   558 | D:1      | Reached XP level 3. HP: 23/23 MP: 3/3
   860 | D:2      | Noticed Natasha
   866 | D:2      | Killed Natasha
   947 | D:2      | Reached XP level 4. HP: 29/29 MP: 4/4
  1069 | D:2      | Noticed Terence
  1122 | D:2      | Killed Terence
  1271 | D:2      | Found a faded altar of an unknown god.
  1415 | D:2      | Identified the +8 hand axe of Cowardice {flame, Fragile
                  | rElec Str+2}
  1487 | D:2      | Noticed Natasha
  1504 | D:2      | Killed Natasha
  1544 | D:2      | Reached XP level 5. HP: 32/33 MP: 5/5
  2196 | D:3      | Identified the +2 dagger of the Unkillable {holy, +Blink
                  | rF+ Will+ Stlth-}
  3422 | D:4      | You fall into a shaft and drop 2 floors!
  3438 | D:6      | Reached XP level 6. HP: 34/39 MP: 6/6
  3530 | D:6      | Noticed Grinder
  3540 | D:6      | Paralysed by something for 2 turns
  3561 | D:6      | Killed Grinder
  3562 | D:6      | Reached skill level 5 in Armour
  3562 | D:6      | Reached skill level 5 in Shields
  3616 | D:6      | Noticed a water moccasin
  3628 | D:6      | Killed a water moccasin
  3629 | D:6      | Reached skill level 5 in Fighting
  3629 | D:6      | Reached XP level 7. HP: 42/44 MP: 7/7
  3716 | D:5      | Entered Level 5 of the Dungeon
  3901 | D:5      | Reached XP level 8. HP: 48/51 MP: 8/8
  3927 | D:4      | Found a staircase to the Ecumenical Temple.
  3940 | Temple   | Entered the Ecumenical Temple
  4115 | Temple   | Became a worshipper of Zin the Law-Giver
  4115 | Temple   | Reached * piety under Zin
  4433 | D:4      | Reached ** piety under Zin
  4453 | D:4      | Noticed Ijyb
  4461 | D:4      | Killed Ijyb
  4793 | D:5      | Reached skill level 1 in Invocations
  5155 | D:5      | Reached skill level 5 in Axes
  5409 | D:6      | Found a runed translucent door.
  5410 | D:6      | Noticed Crazy Yiuf
  5523 | D:6      | Reached XP level 9. HP: 52/56 MP: 9/11
  5665 | D:6      | Reached *** piety under Zin
  5993 | D:6      | Killed Crazy Yiuf
  6078 | D:7      | Noticed a hornet
  6094 | D:7      | Zin protects you from harm!
  6107 | D:7      | HP: 1/56 [hornet (7)]
  6112 | D:7      | Killed a hornet
  6972 | D:7      | Found a shadowy altar of Dithmenos.
  6981 | D:7      | Found a shimmering blue altar of Sif Muna.
  7223 | D:8      | Noticed a hornet
  7293 | D:8      | Reached **** piety under Zin
  7369 | D:8      | Found an ancient bone altar of Kikubaaqudgha.
  7372 | D:8      | Found a blossoming altar of Fedhas.
  7387 | D:8      | Reached XP level 10. HP: 64/64 MP: 13/13
  7595 | D:8      | Reached skill level 5 in Invocations
  7948 | D:8      | Noticed a manticore
  8061 | D:8      | Killed a manticore
  8611 | D:9      | Found a transporter.
  8612 | D:9      | Noticed an orc sorcerer
  8614 | D:9      | Noticed a kobold demonologist
  8621 | D:9      | Noticed an orc sorcerer
  8622 | D:9      | Noticed a kobold demonologist
  8640 | D:9      | Found a transporter.
  8859 | D:9      | Reached ***** piety under Zin
  8896 | D:9      | Noticed a two-headed ogre
  8904 | D:9      | Killed a two-headed ogre
  9260 | D:9      | Noticed a kobold demonologist
  9441 | D:10     | Entered Level 10 of the Dungeon
  9628 | D:10     | Reached XP level 11. HP: 71/71 MP: 15/15
  9675 | D:10     | Found a staircase to the Lair.
  9824 | D:10     | Zin protects you from harm!
  9827 | D:10     | HP: 3/71 [acid dragon (7)]
  9828 | D:10     | Zin protects you from harm!
  9830 | D:10     | Zin protects you from harm!
 10511 | Lair:1   | Entered Level 1 of the Lair of Beasts
 10726 | Lair:1   | Zin protects you from harm!
 10959 | Lair:1   | Found a dark tunnel.
 10964 | Volcano  | Entered a volcano
 10965 | Volcano  | Noticed a deep elf pyromancer
 11182 | Volcano  | Noticed a deep elf pyromancer
 11199 | Volcano  | Noticed a deep elf pyromancer
 11205 | Volcano  | Killed a deep elf pyromancer
 11206 | Volcano  | Reached skill level 10 in Armour
 11206 | Volcano  | Reached skill level 10 in Shields
 11294 | Volcano  | Noticed a deep elf pyromancer
 11306 | Volcano  | Killed a deep elf pyromancer
 11307 | Volcano  | Reached skill level 10 in Fighting
 11310 | Volcano  | Killed a deep elf pyromancer
 11322 | Volcano  | Reached XP level 12. HP: 33/77 MP: 16/18
 12733 | Lair:2   | Noticed a seven-headed hydra
 12747 | Lair:2   | Slain by a seven-headed hydra

Illustrated notes

Levels and vault maps discovered:
D:1:      lemuel_arrival_cross, layout_basic, serial_shops,
          nicolae_shop_statue_plus, minmay_misc_feat_rows, nicolae_titane
D:2:      layout_loops_corners, shapermc_ecumenical_altar_ellora,
          grunt_decor_clamped, grunt_ministairs_13,
          nicolae_concentric_dashed_squares_mild, eino_tiny_chamber,
          uniq_terence, uniq_natasha
D:3:      layout_basic
D:4:      layout_basic, temple_fountains, dk_noncrumbling_4, uniq_ijyb
D:5:      kennysheep_six_static_rooms, layout_loops_cross
D:6:      layout_gridville, uniq_crazy_yiuf_cottage, uniq_grinder
D:7:      layout_loops_ring, mainiacjoe_overflow_swirl,
          minmay_misc_feat_more_columns, glass_columns_a,
          chequers_serial_rivers_micro_c
D:8:      layout_cave_pools, grunt_temple_overflow_growth_and_decay,
          minmay_misc_feat_hallway, st_stairs_11
D:9:      gammafunk_wand_slinger, layout_basic,
          hangedman_abyss_or_decor_stagger, roderic_roman_lattice
D:10:     layout_roguey, david_lair_shrubbed
Temple:   regret_index_temple_chain_breaker
Lair:1:   layout_chaotic_city, enter_volcano_4, wad_woods_01, grunt_megastairs_4
Lair:2:   layout_roguey, swamp_mist

Skill      XL: |  1  2  3  4  5  6  7  8  9 10 11 |
---------------+----------------------------------+-----
Axes           | 2 3 4 5 6 7 8 |  8.6
Armour         | 4 5 6 7 9 10 | 10.6
Shields        | 4 5 6 7 9 10 | 10.6
Fighting       | 4 5 6 7 9 10 | 10.6
Invocations    | 2 4 6 8 |  8.6

Action                     |  1- 3 |  4- 6 |  7- 9 | 10-12 || total
---------------------------+-------+-------+-------+-------++-------
  Melee: War axe           |    72 |    92 |       |       ||   164
         Hand axe          |       |    18 |   221 |   321 ||   560
         Rapier            |       |       |       |     6 ||     6
 Invoke: Vitalisation      |       |       |       |     5 ||     5
         Recite            |       |       |       |     1 ||     1
         Imprison          |       |       |       |     1 ||     1
  Evoke: Wand              |       |       |       |    10 ||    10
    Use: Potion            |       |     1 |     7 |     4 ||    12
         Scroll            |       |       |     5 |    10 ||    15
 Armour: Scale mail        |    31 |    60 |    74 |       ||   165
         Plate armour      |       |       |    14 |   245 ||   259
  Dodge: Dodged            |    41 |    41 |    77 |   112 ||   271
  Block: Buckler           |    26 |    14 |    56 |   117 ||   213

Table legend: (Time is in decaauts)
 A = Elapsed time spent in this place.
 B = Non-inter-level travel time spent in this place.
 C = Inter-level travel time spent in this place.
 D = Time resting spent in this place.
 E = Time spent auto-exploring this place.
 F = Levels seen in this place.
 G = Mean time per level.
                   A        B        C        D        E       F      G
               +--------+--------+--------+--------+--------+-----+--------+
         Total |  12826 |  12057 |    769 |   3159 |   6728 |  14 |  916.1 |
       Dungeon |  10407 |   9697 |    710 |   2089 |   5995 |  10 | 1040.7 |
        Temple |    190 |    176 |     14 |      0 |    112 |   1 |  190.0 |
          Lair |   1516 |   1471 |     45 |    575 |    620 |   2 |  758.0 |
       Volcano |    711 |    711 |      0 |    495 |      1 |   1 |  711.0 |
               +--------+--------+--------+--------+--------+-----+--------+

Top non-repeatable levels by time:
     D:2: 1455 daAuts
     D:7: 1434 daAuts
  Lair:1: 1214 daAuts
     D:8: 1071 daAuts
    D:10: 1067 daAuts
     D:3: 1014 daAuts
     D:1: 955 daAuts
     D:6: 943 daAuts
     D:5: 904 daAuts
     D:9: 898 daAuts
 Volcano: 711 daAuts
     D:4: 664 daAuts
  Lair:2: 301 daAuts
  Temple: 190 daAuts
